 Dungeon Crawl Stone Soup version 0.32-a0-12-g7fc57aa741 (webtiles) character file.

Game seed: 5343104704502897622

56 tilp the Vexing (level 3, -1/26 HPs)
             Began as a Vampire Enchanter on Jan 14, 2024.
             Slain by a gnoll
             ... wielding a +0 club
              (6 damage)
             ... on level 3 of the Dungeon.
             The game lasted 00:03:43 (1876 turns).

tilp the Vexing (Vampire Enchanter)                 Turns: 1876, Time: 00:03:43

Health: -1/26      AC:  3    Str:  7    XL:     3   Next: 71%
Magic:  2/6        EV: 12    Int: 19    God:
Gold:   42         SH:  0    Dex: 14    Spells: 1/6 levels left

rFire   + . .        a - +1 dagger
rCold   . . .        (no shield)
rNeg    . . .        b - +0 robe
rPois   .            (no helmet)
rElec   .            (no cloak)
rCorr   .            e - +0 pair of gloves
SInv    +            (no boots)
Will    .....        (no amulet)
Stlth   +++          h - ring of protection from fire
HPRegen 0.44/turn    (no ring)
MPRegen 0.10/turn

%: no passive effects
@: healing quickly
A: alive, fangs 3, see invisible, vampiric 2
a: Exsanguinate


You were on level 3 of the Dungeon.
You visited 1 branch of the dungeon, and saw 3 of its levels.

You collected 81 gold pieces.
You spent 39 gold pieces at shops.

Inventory:

Hand Weapons
 a - a +1 dagger (weapon)
Missiles
 d - 14 stones (quivered)
Armour
 b - a +0 robe (worn)
 e - a +0 pair of gloves (worn)
Jewellery
 h - a ring of protection from fire (left hand)
Potions
 c - 3 potions of invisibility
 g - a potion of curing
 i - a potion of heal wounds
 k - a potion of brilliance {unknown}


   Skills:
 * Level 1.4 Fighting
 + Level 1.4(1.7) Short Blades
 * Level 1.2(1.5) Long Blades
 + Level 2.5 Dodging
 + Level 4.5 Stealth
 + Level 2.1 Spellcasting
 * Level 5.0 Hexes
 + Level 0.4 Ice Magic


You had one spell level left.
You knew the following spells:

 Your Spells              Type           Power      Damage    Failure   Level
a - Ensorcelled Hibernat  Hex/Ice        24%        N/A       9%          2
b - Confusing Touch       Hex            21%        N/A       6%          3

Your spell library contained the following spells:

 Spells                   Type           Power      Damage    Failure   Level
 Sigil of Binding         Hex            21%        N/A       6%          3
 Tukima's Dance           Hex            21%        N/A       6%          3
 Dazzling Flash           Conj/Hex       22%        N/A       19%         3
 Lesser Beckoning         Tloc           4%         N/A       26%         2
 Call Canine Familiar     Summ           2%         N/A       45%         3
 Gell's Gravitas          Tloc           2%         N/A       45%         3
 Teleport Other           Tloc           2%         N/A       45%         3
 Dimensional Bullseye     Hex/Tloc       5%         N/A       52%         4


Dungeon Overview and Level Annotations

Branches:
Dungeon (3/15)

Altars:

Shops:
D:2 (!(=

Annotations:
D:2 Sigmund


Innate Abilities, Weirdness & Mutations

Your natural rate of healing is accelerated.
You have razor-sharp teeth.
You have supernaturally acute eyesight. (SInv)
You are afflicted with vampirism and can become a bat while bloodless.


Message History

You hit the gnoll but do no damage. The gnoll barely misses you.
You barely miss the gnoll. The gnoll hits you but does no damage.
You barely miss the gnoll. The gnoll closely misses you.
You hit the gnoll. You punch the gnoll, but do no damage.
The gnoll is moderately wounded.
The gnoll completely misses you.
You completely miss the gnoll. You bite the gnoll.
The gnoll is moderately wounded.
The gnoll hits you with a +0 club.
You barely miss the gnoll.
The gnoll is moderately wounded.
The gnoll hits you with a +0 club.
Casting: Ensorcelled Hibernation (safe; 9% risk of failure)
Confirm with . or Enter, or press ? or * to list all spells.
Aiming: Ensorcelled Hibernation (safe; 9% risk of failure)
Press: ? - help, Shift-Dir - straight line, f/p - gnoll
Aim: a gnoll, wielding a +0 whip (chance to affect: 54%)
The gnoll resists with significant effort.
The gnoll barely misses you.
Your magical contamination has completely faded away.
Unknown command.
Casting: Ensorcelled Hibernation (safe; 9% risk of failure)
Confirm with . or Enter, or press ? or * to list all spells.
You don't have enough magic to cast this spell.
Unknown command.
You hit the gnoll.
The gnoll is severely wounded.
The gnoll closely misses you.
You barely miss the gnoll.
The gnoll is severely wounded.
The gnoll hits you with a +0 club.
* * * LOW HITPOINT WARNING * * *
You hit the gnoll but do no damage.
The gnoll is severely wounded.
The gnoll hits you with a +0 club.
* * * LOW HITPOINT WARNING * * *
You hit the gnoll.
The gnoll is almost dead.
The gnoll hits you with a +0 club.
You die...

$..# #..# #..##
... #.# #.#
###.####..
######..........
#..@ggg..#####.#
#.####J### #.#
#.# #.# #.#
#######.####.##
#.............#
#.#####.####..#
#.# #..#
#.####...


You could see 3 gnolls and an endoplasm.

Vanquished Creatures
  An adder (D:2)
  6 ball pythons
  2 endoplasms (D:1)
  6 giant cockroaches
  6 goblins
  4 hobgoblins (D:1)
  A quokka (D:1)
  6 bats
  3 frilled lizards
  2 kobolds (D:1)
  4 rats
41 creatures vanquished.

Notes
Turn   | Place    | Note
-------+----------+-------------------------------------------
     0 | D:1      | tilp the Vampire Enchanter began the quest for the Orb.
     0 | D:1      | Reached XP level 1. HP: 13/13 MP: 3/3
   192 | D:1      | Reached XP level 2. HP: 20/20 MP: 5/5
   195 | D:1      | Learned a level 2 spell: Ensorcelled Hibernation
   497 | D:1      | Reached skill level 1 in Fighting
   637 | D:1      | Reached skill level 1 in Long Blades
   637 | D:1      | Gained mutation: You are afflicted with vampirism and can
                  | become a bat while bloodless. [Vampire growth]
   637 | D:1      | Reached XP level 3. HP: 14/26 MP: 1/6
   648 | D:1      | Learned a level 3 spell: Confusing Touch
   856 | D:2      | Noticed Sigmund
   995 | D:2      | Found Wuvy's Distillery.
  1009 | D:2      | Bought a potion of curing for 39 gold pieces
  1069 | D:2      | Found Barghali's Antique Weapon Boutique.
  1154 | D:2      | Reached skill level 5 in Hexes
  1390 | D:2      | Found Vocloipt's Antique Weapon Emporium.
  1400 | D:2      | Found Boorri's Jewellery Shoppe.
  1876 | D:3      | Slain by a gnoll

Illustrated notes

Levels and vault maps discovered:
D:1:      shiori_arrival_maze, layout_basic
D:2:      layout_loops_ring, serial_shops, shop, nicolae_shop_gaudy_bauble,
          nicolae_shop_behind_doors, shop, amethyst_killhole, uniq_sigmund
D:3:      layout_loops_ring, kennysheep_ying_yang

Skill      XL: |  1  2  3 |
---------------+----------+-----
Fighting       | 1 |  1.4
Long Blades    | 1 |  1.2
Hexes          | 5 |  5.0
Short Blades   | |  1.4
Dodging        | |  2.5
Stealth        | |  4.5
Spellcasting   | |  2.1
Ice Magic      | |  0.4

Action                     || total
---------------------------++-------
  Melee: Dagger            ||   171
         Bite              ||    12
         Punch             ||     3
   Cast: Ensorcelled Hiber ||    16
    Use: Scroll            ||     5
   Stab: Sleeping          ||    11
 Armour: Robe              ||   118
  Dodge: Dodged            ||   156

Table legend: (Time is in decaauts)
 A = Elapsed time spent in this place.
 B = Non-inter-level travel time spent in this place.
 C = Inter-level travel time spent in this place.
 D = Time resting spent in this place.
 E = Time spent auto-exploring this place.
 F = Levels seen in this place.
 G = Mean time per level.
                   A        B        C        D        E       F      G
               +--------+--------+--------+--------+--------+-----+--------+
         Total |   1863 |   1800 |     63 |    207 |   1126 |   3 |  621.0 |
       Dungeon |   1863 |   1800 |     63 |    207 |   1126 |   3 |  621.0 |
               +--------+--------+--------+--------+--------+-----+--------+

Top non-repeatable levels by time:
     D:2: 947 daAuts
     D:1: 820 daAuts
     D:3: 96 daAuts
